 Dungeon Sprint DCSS version 0.27.1-33-g824d729ab1 (webtiles) character file.

Game seed: 5849378727410223514

500 Adenis the Basher (level 6, -6/72 HPs)
             Began as a Troll Berserker on Dec 4, 2021.
             Was a Believer of Trog.
             Mangled by a yak (15 damage)
             ... in the Dungeon (Sprint I: "Red Sonja").
             The game lasted 00:01:32 (246 turns).

Adenis the Basher (Troll Berserker)                  Turns: 246, Time: 00:01:32

Health: -6/72      AC: -4    Str: 28    XL:     6   Next: 94%
Magic:  5/5        EV: 11    Int:  3    God:    Trog [**....]
Gold:   176        SH:  0    Dex:  9    Spells: 5/5 levels left

rFire    . . .     SeeInvis .   a - +0 mace
rCold    . . .     Faith    .   (no shield)
rNeg     . . .     Spirit   .   b - +0 animal skin
rPois    .         Reflect  .   (helmet restricted)
rElec    .         Harm     .   (no cloak)
rCorr    .         Rampage  .   (gloves unavailable)
Will     .....     NoTele   +   (boots unavailable)
Stlth    +.........             (no amulet)
HPRegen  1.22/turn              (no ring)
MPRegen  0.09/turn              (no ring)

@: corroded, on berserk cooldown, slowed, very slow
A: large, unfitting armour, claws 3, regeneration 1, shaggy fur 1, tough skin 1
a: Renounce Religion, Berserk, Trog's Hand


You were in the Dungeon.
You worshipped Trog.
Trog was pleased with you.
You visited 1 branch You collected 176 gold pieces.

Inventory:

Hand Weapons
 a - a +0 mace (weapon)
Armour
 b - a +0 animal skin (worn)
Scrolls
 h - a scroll of blinking
 i - a scroll of silence {unknown}
Potions
 c - a potion of curing
 d - a potion of heal wounds
 e - a potion of haste
 f - 2 potions of magic
 g - a potion of berserk rage


   Skills:
 + Level 7.8 Fighting
 + Level 8.5 Maces & Flails
 + Level 7.4 Dodging


You had 5 spell levels left.
You didn't know any spells.
Your spell library was empty.

Dungeon Overview and Level Annotations

Branches:
Dungeon (1/1)

Altars:
Cheibriados
Dithmenos
Elyvilon
Fedhas
Hepliaklqana
Kikubaaqudgha
Makhleb
Okawaru
Qazlal
Ru
Sif Muna
Trog
Uskayaw
Vehumet
Wu Jian
Xom
Yredelemnul
Zin
The Shining One
Jiyva
Lugonu

Shops:
D [


Innate Abilities, Weirdness & Mutations

You are too large for most types of armour.
You have claws for hands.
Your natural rate of healing is unusually fast.
You are covered in fur. (AC +1)
You have tough skin. (AC +1)


Message History

Trog accepts your kill.
You feel a strong urge to attack something.
You now have 176 gold pieces (gained 14).
You are no longer berserk.
You are exhausted.
You feel yourself slow down.
i - a scroll labelled KYBRIXZ VUCH
There is an ornate altar of the Wu Jian Council here.
You open the door.
A yak comes into view.
The yak bellows!
Found Hares's Antique Armour Emporium.
Found fourteen altars.
You hit the yak.
The yak is lightly wounded.
The yak gores you! x2
You hit the yak.
The yak is lightly wounded.
The yak barely misses you.
You barely miss the yak.
The yak is lightly wounded.
The yak barely misses you. The yak closely misses you.
You hit the yak but do no damage.
The yak is lightly wounded.
The yak gores you!
You hit the yak but do no damage.
The yak is lightly wounded.
The yak gores you! x2
You're still recovering from your berserk rage.
You hit the yak but do no damage.
The yak is lightly wounded.
The yak gores you!!
* * * LOW HITPOINT WARNING * * *
You hit the yak but do no damage.
The yak is lightly wounded.
The yak barely misses you. The yak gores you.
* * * LOW HITPOINT WARNING * * *
You hit the yak but do no damage.
The yak is lightly wounded.
The yak gores you!
You die...

###################
#<.#..)..#..'..#__#
#..').#..').#..'..+
#..#####'#####'#__#
#..# #..# #.####
#..#__#### ##.#
#..#_____##+#_.+
#⌠⌠#_.∩...Y@.._#
####_..__##_.#+#
___ ##+# #


You could see a yak.

Vanquished Creatures
  A slime creature (D)
  Sigmund (D)
  An ogre (D)
  A jelly (D)
  Ijyb (D)
5 creatures vanquished.

Notes
Turn   | Place    | Note
-------+----------+-------------------------------------------
     0 | D        | Adenis the Troll Berserker began the quest for the Orb.
     0 | D        | Reached XP level 1. HP: 22/22 MP: 0/0
     2 | D        | Noticed Ijyb
    21 | D        | Killed Ijyb
    22 | D        | Reached skill level 4 in Maces & Flails
    22 | D        | Reached XP level 2. HP: 12/32 MP: 1/1
    45 | D        | Noticed an ogre
    50 | D        | Killed an ogre
    51 | D        | Reached skill level 5 in Fighting
    51 | D        | Reached skill level 5 in Maces & Flails
    51 | D        | Reached skill level 5 in Dodging
    51 | D        | Reached XP level 3. HP: 42/42 MP: 2/2
    51 | D        | Reached XP level 4. HP: 50/50 MP: 3/3
   102 | D        | Noticed Sigmund
   109 | D        | Killed Sigmund
   109 | D        | Reached ** piety under Trog
   110 | D        | Reached skill level 7 in Maces & Flails
   110 | D        | Reached XP level 5. HP: 61/61 MP: 4/4
   110 | D        | Reached XP level 6. HP: 68/68 MP: 5/5
   163 | D        | Found a burning altar of Makhleb.
   163 | D        | Found a viscous altar of Jiyva.
   163 | D        | Found a shimmering altar of Xom.
   163 | D        | Found a corrupted altar of Lugonu.
   163 | D        | Noticed a slime creature
   173 | D        | Killed a slime creature
   174 | D        | Reached skill level 8 in Maces & Flails
   176 | D        | Found an ornate altar of the Wu Jian Council.
   176 | D        | Found a shimmering blue altar of Sif Muna.
   219 | D        | Found a radiant altar of Vehumet.
   238 | D        | Found Hares's Antique Armour Emporium.
   238 | D        | Found an ancient bone altar of Kikubaaqudgha.
   238 | D        | Found a hazy altar of Hepliaklqana.
   238 | D        | Found a stormy altar of Qazlal.
   238 | D        | Found a hide-covered altar of Uskayaw.
   238 | D        | Found a blossoming altar of Fedhas.
   238 | D        | Found a bloodstained altar of Trog.
   238 | D        | Found an iron altar of Okawaru.
   238 | D        | Found a basalt altar of Yredelemnul.
   238 | D        | Found a glowing golden altar of the Shining One.
   238 | D        | Found a snail-covered altar of Cheibriados.
   238 | D        | Found a sacrificial altar of Ru.
   238 | D        | Found a glowing silver altar of Zin.
   238 | D        | Found a shadowy altar of Dithmenos.
   238 | D        | Found a white marble altar of Elyvilon.
   238 | D        | Noticed a yak
   246 | D        | Mangled by a yak

Illustrated notes

Levels and vault maps discovered:
D:        dungeon_sprint_1 [red_sonja_temple_1, red_sonja_temple_small_1]

Skill      XL: |  1  2  3  4  5  6 |
---------------+-------------------+-----
Fighting       | 3 5 6 7 |  7.8
Maces & Flails | 4 5 7 8 |  8.5
Dodging        | 3 5 6 7 |  7.4

Action                   |  1- 3 |  4- 6 || total
-------------------------+-------+-------++-------
Melee: Mace              |    21 |    26 ||    47
Invok: Berserk           |     2 |     3 ||     5
Armor: Animal skin       |     3 |     1 ||     4
Dodge: Dodged            |     7 |     9 ||    16
